 Dungeon Crawl Stone Soup version 0.27.1-3-gb3d3a73c9e (webtiles) character file.

Game seed: 2921341481590127770

207 Descartes the Firebug (level 5, -2/28 HPs)
             Began as a Deep Elf Wanderer on Oct 9, 2021.
             Slain by a lemure (6 damage)
             ... led by Pikel
             ... on level 4 of the Dungeon.
             The game lasted 00:06:28 (2371 turns).

Descartes the Firebug (Deep Elf Wanderer)           Turns: 2371, Time: 00:06:29

Health: -2/28      AC:  2    Str: 10    XL:     5   Next: 54%
Magic:  0/7        EV: 11    Int: 16    God:
Gold:   58         SH:  0    Dex: 15    Spells: 3/4 levels left

rFire    . . .     SeeInvis .   k - +3 dagger
rCold    . . .     Faith    .   (no shield)
rNeg     . . .     Spirit   .   b - +0 robe
rPois    .         Reflect  .   (no helmet)
rElec    .         Harm     .   (no cloak)
rCorr    .         Rampage  .   (no gloves)
Will     .....                  (no boots)
Stlth    ++........             (no amulet)
HPRegen  0.09/turn              (no ring)
MPRegen  0.10/turn              (no ring)

@: slowed, very slow
A: no striking features
a: no special abilities


You were on level 4 of the Dungeon.
You visited 1 branch of the dungeon, and saw 3 of its levels.

You collected 58 gold pieces.

Inventory:

Hand Weapons
 k - a +3 dagger (weapon)
Missiles
 d - 14 poisoned darts
Armour
 b - a +0 robe (worn)
Scrolls
 a - a scroll of magic mapping {unknown}
 g - a scroll of immolation {unknown}
 h - a scroll of identify {unknown}
 i - a scroll of vulnerability {unknown}
Potions
 c - a potion of lignification
 e - a potion of flight {unknown}
 f - a potion of heal wounds {unknown}
 j - a potion of might {unknown}
 l - a potion of mutation {unknown}


   Skills:
 - Level 1.2 Stealth
 + Level 4.8 Conjurations
 - Level 4.0 Hexes
 + Level 5.4 Fire Magic
 - Level 1.1 Evocations


You had 3 spell levels left.
You knew the following spells:

 Your Spells              Type           Power      Damage    Failure   Level
a - Foxfire               Conj/Fire      64%        2x1d7     3%          1

Your spell library contained the following spells:

 Spells                   Type           Power      Damage    Failure   Level
 Searing Ray              Conj           30%        3d4       5%          2
 Conjure Flame            Conj/Fire      16%        6-21      10%         3
 Inner Flame              Hex/Fire       15%        N/A       11%         3
 Static Discharge         Conj/Air       7%         N/A       14%         2
 Portal Projectile        Hex/Tloc       12%        N/A       32%         3
 Call Canine Familiar     Summ           0%         N/A       58%         3
 Sticky Flame             Conj/Fire      16%        2d4       30%         4
 Fireball                 Conj/Fire      8%         3d6       65%         5
 Leda's Liquefaction      Hex/Erth       3%         N/A       73%         4


Dungeon Overview and Level Annotations

Branches:
Dungeon (2/15)

Altars:


Message History

Natasha is severely wounded.
Casting: Foxfire (safe; 3% risk of failure)
Confirm with . or Enter, or press ? or * to list all spells.
You conjure some foxfire!
The foxfire hits the lemure but does no damage.
The foxfire hits Natasha but does no damage.
Natasha is severely wounded.
The foxfire hits Natasha.
Natasha is almost dead.
Natasha casts a spell at you.
You feel yourself slow down.
Casting: Foxfire (safe; 3% risk of failure)
Confirm with . or Enter, or press ? or * to list all spells.
You conjure some foxfire!
The foxfire hits the lemure.
The lemure is lightly wounded.
The foxfire hits Natasha but does no damage.
Natasha is almost dead.
Natasha stares at you and mumbles some strange words.
The magic dart hits you! The lemure hits you but does no damage.
Unknown command.
Casting: Foxfire (safe; 3% risk of failure)
Confirm with . or Enter, or press ? or * to list all spells.
You conjure some foxfire!
The foxfire hits the lemure.
The lemure is lightly wounded.
The foxfire hits the lemure.
The lemure is lightly wounded.
Natasha claws you. The crimson imp barely misses you. The lemure hits you.
Natasha claws you.
Casting: Foxfire (safe; 3% risk of failure)
Confirm with . or Enter, or press ? or * to list all spells.
You conjure some foxfire!
The foxfire hits Natasha.
You kill Natasha!
Natasha screams in fury as she dies!
The crimson imp disappears in a puff of smoke!
The foxfire hits the lemure.
The lemure is moderately wounded.
The lemure hits you!
* * * LOW HITPOINT WARNING * * *
The lemure hits you.
You die...

#. ## #..#.. #...#. #.....
###...#. ..#.....#####
........§v..#####.#
#.#####†@.........#
#.#....§5v#.#############
#####.#......................
#.....#######.#.########.....
#$.....5......#..............
...##################..........
.............. ###...........
#.#.###.....


You could see a lemure (ally target).

Vanquished Creatures
  A scorpion (D:4)
  Natasha (twice) (D:4)
  An orc wizard (D:4)
  A hound skeleton (D:4)
  Robin (D:4)
  2 adders
  2 dart slugs (D:1)
  2 orcs (D:4)
  3 ball pythons (D:1)
  A bat (D:1)
  2 endoplasms
  2 giant cockroaches (D:1)
  15 goblins
  7 hobgoblins
  3 kobolds
  2 quokkas (D:1)
  3 frilled lizards
  2 rats (D:1)
52 creatures vanquished.

Vanquished Creatures (others)
  169 foxfires
  A plant (D:2)
170 creatures vanquished.

Grand Total: 222 creatures vanquished

Notes
Turn   | Place    | Note
-------+----------+-------------------------------------------
     0 | D:1      | Descartes the Deep Elf Wanderer began the quest for the
                  | Orb.
     0 | D:1      | Descartes set off with the following items: a +0 dagger, a
                  | +0 robe, a potion of lignification; and the following spell
                  | memorised: Foxfire; and the following spells available to
                  | memorise: Searing Ray, Inner Flame, Static Discharge,
                  | Conjure Flame, Sticky Flame, Fireball
     0 | D:1      | Reached XP level 1. HP: 10/10 MP: 3/3
   452 | D:1      | Reached XP level 2. HP: 15/15 MP: 1/4
  1208 | D:1      | Reached skill level 4 in Fire Magic
  1298 | D:1      | Reached XP level 3. HP: 19/19 MP: 3/5
  1721 | D:2      | You fall into a shaft and drop 2 floors!
  1724 | D:4      | Noticed a scorpion
  1740 | D:4      | Killed a scorpion
  1741 | D:4      | Reached XP level 4. HP: 19/24 MP: 0/6
  1837 | D:4      | Noticed Natasha
  1843 | D:4      | Killed Natasha
  1844 | D:4      | Reached skill level 5 in Fire Magic
  1844 | D:4      | Reached XP level 5. HP: 28/28 MP: 0/7
  1884 | D:4      | Noticed Robin
  1902 | D:4      | Killed Robin
  2337 | D:4      | Noticed Natasha
  2353 | D:4      | Noticed a lemure
  2371 | D:4      | Killed Natasha
  2371 | D:4      | Slain by a lemure

Illustrated notes

Levels and vault maps discovered:
D:1:      erik_arrival_triangle_small, layout_loops_cross,
          hangedman_decor_peaks_small
D:2:      layout_rooms, serial_shops, shop, nicolae_shop_overgrown_old_shop,
          shop, nicolae_shop_stone, grunt_decor_mini_mirrors, minivault_27
D:4:      layout_basic, minmay_temple_entry_proselytizer, uniq_natasha,
          uniq_pikel, uniq_eustachio, uniq_robin

Skill      XL: |  1  2  3  4 |
---------------+-------------+-----
Conjurations   | 3 4 |  4.8
Fire Magic     | 4 5 |  5.4
Stealth        | |  1.2
Hexes          | |  4.0
Evocations     | |  1.1

Action                   |  1- 3 |  4- 6 || total
-------------------------+-------+-------++-------
Melee: Dagger            |    15 |    10 ||    25
 Cast: Foxfire           |    54 |    44 ||    98
 Stab: Sleeping          |     1 |       ||     1
Armor: Robe              |     4 |     3 ||     7
Dodge: Dodged            |    23 |    12 ||    35
